 Dungeon Crawl Stone Soup version 0.18.1-48-g4cf74bf (webtiles) character file.

96 dvd the Twirler (level 4, -1/27 HPs)
             Began as a Gargoyle Gladiator on Aug 13, 2016.
             Slain by an orc
             ... wielding a +0 whip
              (4 damage)
             ... on level 3 of the Dungeon.
             The game lasted 00:03:33 (2049 turns).

dvd the Twirler (Gargoyle Gladiator)                Turns: 2049, Time: 00:03:34

Health: -1/27      AC:  7    Str: 19    XL:     4   Next: 67%
Magic:  4/4        EV: 12    Int:  8    God:
Gold:   40         SH:  0    Dex: 11    Spells: 0 memorised, 3 levels left

rFire  . . .     SeeInvis .     a - +0 quarterstaff
rCold  . . .     Gourm    .     b - +0 leather armour
rNeg   + . .     Faith    .     (shield currently unavailable)
rPois  ∞         Spirit   .     c - +0 helmet
rElec  +         Dismiss  .     (no cloak)
rCorr  .         Reflect  .     (no gloves)
SustAt .         Harm     .     (no boots)
MR     .....                    (no amulet)
Stlth  +.........               (no ring)
                                (no ring)

@: not resistant to hostile enchantments, very unstealthy
A: negative energy resistance 1, electricity resistance, unbreathing,
petrification resistance, rot immunity, AC +3
a: no special abilities


You were on level 3 of the Dungeon.
You were not hungry.

You visited 1 branch of the dungeon, and saw 3 of its levels.

You collected 40 gold pieces.

Inventory:

Hand Weapons
 a - a +0 quarterstaff (weapon)
Missiles
 d - 4 throwing nets (quivered)
Armour
 b - a +0 leather armour (worn)
 c - a +0 helmet (worn)
Scrolls
 e - 3 scrolls of teleportation {unknown}
 g - a scroll of fear {unknown}
 h - 2 scrolls of identify {unknown}
 j - a scroll of magic mapping {unknown}
 l - a scroll of remove curse {unknown}
 n - a scroll of random uselessness {unknown}
Potions
 i - a potion of invisibility {unknown}
 k - a potion of mutation {unknown}
Comestibles
 f - 4 bread rations
 m - 3 chunks of flesh


   Skills:
 + Level 2.8 Fighting
 + Level 4.2 Staves
 + Level 2.1 Throwing
 + Level 1.4 Armour
 + Level 2.7 Dodging


You had 3 spell levels left.
You didn't know any spells.

Dungeon Overview and Level Annotations

Branches:
Dungeon (3/15)

Altars:
Elyvilon
Gozag
Nemelex Xobeh
Xom


Innate Abilities, Weirdness & Mutations

You are resistant to torment.
Your stone body is resilient (AC +3).
You are immune to poison.
You resist negative energy.
You are resistant to electric shocks.
You can survive without breathing.
You are immune to petrification.
You are immune to rotting.


Message History

The goblin moves out of view.
An orc and an orc priest come into view.
An orc comes into view. It is wielding a club.
The orc shouts!
The orc priest shouts!
The orc moves out of view.
A rat and an orc come into view.
The orc shouts! x2
The orc priest calls down the wrath of Beogh upon you.
Beogh smites you! The orc priest completely misses you.
Found 6 gold pieces.
You sock the orc priest!
The orc priest is severely wounded.
You closely miss the orc. The orc barely misses you.
You closely miss the orc.
The orc priest calls down the wrath of Beogh upon you.
Beogh smites you!
* * * LOW HITPOINT WARNING * * *
The orc hits you with a whip.
You die... #.........$. #.......... ......... ........ ..r.... ooo

.. #o# .#
#####@##.#
#..[#..#.#
######...##.#.#
#........##...#
#.#####.####..#
#.....#.......#
#####.###..#..#
#.#......>#
#.#.####.##


You could see an orc priest, 3 orcs and a rat.

Vanquished Creatures
  3 gnolls
  2 adders (D:2)
  A dart slug (D:2)
  A giant gecko (D:2)
  A giant cockroach (D:1)
  3 goblins
  4 hobgoblins (D:1)
  4 jackals (D:2)
  10 kobolds
  2 quokkas (D:2)
  4 bats
  12 rats
47 creatures vanquished.

Notes
Turn   | Place    | Note
--------------------------------------------------------------
     0 | D:1      | dvd the Gargoyle Gladiator began the quest for the Orb.
     0 | D:1      | Reached XP level 1. HP: 12/12 MP: 1/1
   138 | D:1      | Reached XP level 2. HP: 13/17 MP: 2/2
   913 | D:2      | Reached XP level 3. HP: 22/22 MP: 3/3
  1391 | D:2      | Found an opulent altar of Gozag.
  1426 | D:2      | Reached skill level 4 in Staves
  1496 | D:2      | Reached skill level 1 in Armour
  1496 | D:2      | Reached XP level 4. HP: 26/27 MP: 4/4
  1644 | D:2      | Found a white marble altar of Elyvilon.
  1935 | D:2      | Found a sparkling altar of Nemelex Xobeh.
  1935 | D:2      | Found a shimmering altar of Xom.
  2049 | D:3      | Slain by an orc

Skill      XL: |  1  2  3 |
---------------+----------+-----
Throwing       | 2 |  2.1
Staves         | 4 |  4.2
Armour         | 1 |  1.4
Fighting       | |  2.8
Dodging        | |  2.7

Action                   |  1- 3 |  4- 6 || total
-------------------------+-------+-------++-------
Melee: Quarterstaff      |   102 |    44 ||   146
  Eat: Chunk             |     2 |     2 ||     4
Armor: Leather armour    |    38 |    16 ||    54
Dodge: Dodged            |    59 |    31 ||    90
